cohdb
Replays
Latest Replays
All Replays
Popular Replays
Top Player Replays
Match Explorer
How It Works
Community
CoH3 Stats
Reddit
Sign in to upload your games and track your stats! →
Sign in with Steam
Match 46950985
Unlisted
Match 46950985
Overview
Messages
Build Orders
End
Panzergrenadier Squad
Panzergrenadier Squad
250 Light Carrier
Construct Light Support Kompanie
Assault Grenadier Squad
Fire Support Elements
Pak 38 Mechanized Group
Combat Half-tracks
2.5-tonne Medical Truck
Advanced Field Repairs
Construct Mechanized Kompanie
18-tonne Recovery Half-track
StuG III D Assault Gun
MG34 Team
MG34 Team
254 Reconnaissance Tractor
StuG III D Assault Gun
Pak 38 Anti-tank Gun Team
Pak 38 Anti-tank Gun Team
Pak 38 Anti-tank Gun Team
Vehicle Survival Package
Selects Battlefield Espionage Battlegroup
Selects 250/3 Funkpanzerwagen
Selects Anti-Tank Incendiary Munitions
Selects Operation Skorpion
MG34 Team
MG34 Team
MG34 Team
manchesterunited_2016
∆Vanilka∆
🛢 EAT OR DIE 🛞
a0624
RitraXP
Ty
WFantasy
nessha
0
0
Comments
sign in to comment!
No comments posted yet!